Unix NetHack Version 5.0.0-0 post-release - last build Jun 10 2026 00:39:30 (3ee93aec679c4c4259841fe613dc97188e26a321,branch:main).

Game began 2026-06-15 07:44:07, ended 2026-06-15 10:08:44.

LDaviesPeters, neutral female human Archeologist

         -------------
         |............#                                           ----------
         |....<......|#### -----                                 #.........|
         |...)[......|     |...|      --.-----------##           #|........|
         ---|---------     |...|      |.............# #          #|........|
            ###            |...|      .............|####         #---.------
              #           #....-###   |............|   ##        ##  ########
              #           [-----  ##` |............|   ####       #       ^ #
              ###         #        ###-.......:@....##    #       #      -+-.-
                [         ##      #   -------------- ####################)%..|
                %          #     #                        #  -----#      |...|
  -------       )          #   ##                         ###....(#      |...|
  |.?..(|       ##         # `#                              |.q{|       |<..|
  |!.)..|#       ##%#      ###                               |...|       |...|
  |*...*|##       --.-..---#                                 |...|       -----
  |([[.$|#)####)##-.....>.)#                                 -----
  |[[/..+#        |........#
  -------         |.......|
                  ---------

LDaviesPeters the Investigator  St:7 Dx:11 Co:17 In:18 Wi:17 Ch:8  Neutral
Dlvl:6  $:0  HP:0(58) Pw:54(54) AC:6  Xp:8 T:9596 

Latest messages:
 You kill the kobold lady!
 There are several objects here.
 There is an open door here.
 There are many objects here.
 You lash the crocodile.
 You lash the crocodile.
 You lash the crocodile.
 The crocodile bites!
 The crocodile hits!
 You lash the crocodile.
 The crocodile bites!
 The crocodile hits!
 You lash the crocodile.
 You lash the crocodile.
 The crocodile bites!
 The crocodile hits!
 You miss the crocodile.
 You lash the crocodile.
 You lash the crocodile.
 You lash the crocodile.
 The crocodile bites!
 The crocodile hits!
 You lash the crocodile.
 You lash the crocodile.
 The crocodile bites!
 The crocodile hits!
 Are you sure you want to pray? [yn] (n) y
 You begin praying to Camaxtli.
 You are surrounded by a shimmering light.
 The crocodile starts to attack you, but pulls back.
 You finish your prayer.
 You feel that Camaxtli is well-pleased.
 You feel much better.
 You lash the crocodile.
 The crocodile bites!
 The crocodile hits!
 You miss the crocodile.
 You lash the crocodile.
 The crocodile bites!
 The crocodile hits!
 You lash the crocodile.
 You lash the crocodile.
 The crocodile bites!
 The crocodile hits!
 You miss the crocodile.
 You miss the crocodile.
 The crocodile bites!
 The crocodile hits!
 You die...
 Do you want your possessions identified? [ynq] (y) q

Inventory:
 Amulets  ('"')
  R - an uncursed amulet of ESP (being worn)
 Weapons  (')')
  e - 4 blessed +1 daggers (at the ready)
  a - a +2 bullwhip (weapon in right hand)
 Armor    ('[')
  u - an uncursed +0 helm of brilliance (being worn)
  t - an uncursed +0 pair of speed boots (being worn)
  w - an uncursed +0 shield of shock resistance (being worn)
  h - an uncursed +0 leather jacket (being worn)
 Comestibles  ('%')
  x - an uncursed tripe ration
 Scrolls  ('?')
  j - a blessed scroll of teleportation
 Rings    ('=')
  c - an uncursed +1 ring of increase damage
  E - an uncursed ring of polymorph control (on left hand)
  K - an uncursed ring of sustain ability
  C - an uncursed ring of warning (on right hand)
 Wands    ('/')
  n - a wand of digging (0:3)
  J - a wand of striking (0:1)
  I - a wand of teleportation (0:5)
 Tools    ('(')
  b - an uncursed sack containing 5 items
  B - an uncursed blindfold
  k - an uncursed lock pick
  i - a magic marker (0:22)
  V - an uncursed magic whistle
  l - an uncursed oil lamp
  f - a tinning kit (0:81)
 Gems/Stones  ('*')
  W - an uncursed obsidian stone
  g - an uncursed touchstone

Contents of the sack:
  91 gold pieces
  2 uncursed scrolls of blank paper
  an uncursed scroll of earth
  an uncursed potion of gain energy
  a +0 pick-axe

LDaviesPeters the Archeologist's attributes:

Background:
 You were an Investigator, a level 8 female human Archeologist.
 You were neutral, on a mission for Camaxtli
 who was opposed by Quetzalcoatl (lawful) and Huhetotl (chaotic).
 You were right-handed.
 You were in the Dungeons of Doom, on level 6.
 You entered the dungeon 9596 turns ago.
 There was a new moon in effect when your adventure ended.
 You had 1975 experience points, 585 more were needed to attain level 9.

Basics:
 You had 0 out of 58 hit points.
 You had all 54 energy points (spell power).
 Your armor class was 6.
 Your wallet was empty, but
 you had 91 zorkmids stashed away in your pack.
 Autopickup was off.

Final Characteristics:
 Your strength was 7 (peak:11, limit:18/100).
 Your dexterity was 11 (limit:18).
 Your constitution was 17 (limit:18).
 Your intelligence was 18 (limit:18).
 Your wisdom was 17 (limit:18).
 Your charisma was 8 (limit:18).

Final Status:
 You weren't hungry.
 You were unencumbered.
 You were wielding a whip.
 You had expert skill with whip.

Final Attributes:
 You were piously aligned.
 You were cold resistant.
 You were shock resistant.
 Your items were protected from electric shocks.
 You were poison resistant.
 You were telepathic.
 You were warned.
 You had automatic searching.
 You were stealthy.
 You had polymorph control.
 You were very fast.
 You are dead.

Miscellaneous:
 You didn't encounter any bones levels.
 Total elapsed playing time was 2 hours, 24 minutes and 37 seconds.

Major events:
 Turn
    1: LDaviesPeters the neutral female human Archeologist entered the dungeon
  721: entered the Gnomish Mines
 1062: attained the rank of Field Worker (level 3)
 4295: attained the rank of Investigator (level 6)
 6599: reached Mine Town
 9596: killed by a crocodile

You didn't know any spells.

Skills:
 Fighting Skills
   bare handed combat [Unskilled]
   two weapon combat  [Unskilled]
   riding             [Unskilled]
 Weapon Skills
   dagger             [Unskilled]
   knife              [Unskilled]
   pick-axe           [Basic]
   short sword        [Unskilled]
   saber              [Unskilled]
   club               [Unskilled]
   quarterstaff       [Unskilled]
   sling              [Unskilled]
   dart               [Unskilled]
   boomerang          [Unskilled]
   whip               [Expert]
   unicorn horn       [Unskilled]
 Spellcasting Skills
   attack spells      [Unskilled]
   healing spells     [Unskilled]
   divination spells  [Unskilled]
   matter spells      [Unskilled]

Voluntary challenges:
 Character rerolling was not enabled.
 You never genocided any monsters.
 You never polymorphed an object.
 You never changed form.
 You used no wishes.
Achievements:
 You entered a shop.
 You entered the Gnomish Mines.
 You attained the rank of Field Worker.
 You attained the rank of Investigator.
 You entered Minetown.
 You entered a temple.

 The Dungeons of Doom: levels 1 to 7
    Level 1:
    Level 2:
       An armor shop, some fountains, a sink.
       Stairs down to The Gnomish Mines.
    Level 3:
       A general store.
    Level 4:
    Level 5:
       Many fountains.
    Level 6: <- You were here.
       A general store, a fountain.
       Final resting place for
          you, killed by a crocodile.
    Level 7:
 The Gnomish Mines: levels 3 to 6
    Level 3:
    Level 4:
    Level 5:
       Many shops, a temple and an altar, some fountains.
    Level 6:


Vanquished creatures:
  a large dog
  a tengu
  a leather golem
  a giant beetle
  a gnome ruler
 an orc mummy
  a jaguar
  a dwarf leader
  2 ravens
  a plains centaur
  a snake
  a Woodland-elf
  2 bugbears
 11 Uruk-hai
  2 rock piercers
  a rock mole
  a yellow light
  2 shriekers
  3 violet fungi
  9 gnome leaders
  2 gnomish wizards
  a kobold mummy
  2 red naga hatchlings
  a gray ooze
  2 elf zombies
  a ghoul
  2 paper golems
  a baby crocodile
  5 giant ants
  a little dog
  3 floating eyes
  a kitten
 10 dwarves
  4 homunculi
  2 kobold leaders
  9 hill orcs
  3 rothes
  a rabid rat
  a giant bat
  2 orc zombies
  2 wererats
  4 iguanas
  4 killer bees
 an acid blob
  a hobbit
  3 large kobolds
  4 hobgoblins
  7 giant rats
  2 cave spiders
  2 brown molds
  a yellow mold
  a red mold
 29 gnomes
  6 garter snakes
  5 geckos
 14 jackals
  3 foxes
  3 kobolds
  8 goblins
 10 sewer rats
  4 grid bugs
  a bat
  5 lichens
  2 kobold zombies
  9 newts
229 creatures vanquished.

No species were genocided or became extinct.

Game over:
                       ----------
                      /          \
                     /    REST    \
                    /      IN      \
                   /     PEACE      \
                  /                  \
                  |  LDaviesPeters   |
                  |      91 Au       |
                  |   killed by a    |
                  |    crocodile     |
                  |                  |
                  |                  |
                  |       2026       |
                 *|     *  *  *      | *
        _________)/\\_//(\/(/\)/\//\/|_)_______

Goodbye LDaviesPeters the Archeologist...

You died in The Dungeons of Doom on dungeon level 6 with 8312 points,
and 91 pieces of gold, after 9596 moves.
You were level 8 with a maximum of 58 hit points when you died.

